 Dungeon Crawl Stone Soup version 0.31-a0-408-gb642c7f9a3 (webtiles) character file.

Game seed: 11733677120016117044

2211 avis the Ruffian (level 9, -11/79 HPs)
             Began as a Hill Orc Shapeshifter on July 29, 2023.
             Mangled by a two-headed ogre
             ... wielding a +0 giant club
              (16 damage)
             ... on level 6 of the Dungeon on July 30, 2023.
             The game lasted 00:35:59 (5182 turns).

avis the Ruffian (Hill Orc Shapeshifter)            Turns: 5182, Time: 00:36:00

Health: -11/79     AC:  8    Str: 22    XL:     9   Next: 35%
Magic:  9/9        EV:  8    Int:  8    God:
Gold:   254        SH:  0    Dex: 17    Spells: 8/8 levels left

rFire   . . .        v - +3 quarterstaff of Certain Death {freeze, rN+ Dex+6 Stlth+}
rCold   . . .        (shield currently unavailable)
rNeg    + . .        x - +0 chain mail
rPois   .            G - melded +2 hat
rElec   .            s - melded +0 cloak
rCorr   .            (gloves currently unavailable)
SInv    .            k - melded +1 pair of boots
Will    .....        (no amulet) Stlth
                     (no ring)
HPRegen 0.33/turn    (no ring)
MPRegen 0.11/turn

%: no passive effects
@: beast-form
A: beast (slay +5)
a: Begin Untransformation


You were on level 6 of the Dungeon.
You were a hulking beast.
You visited 2 branches of the dungeon, and saw 7 of its levels.
You also visited: Sewer.

You collected 254 gold pieces.

Inventory:

Hand Weapons
 j - a +2 flail of holy wrath
 v - the +3 quarterstaff of Certain Death (weapon) {freeze, rN+ Dex+6 Stlth+}
   (You found it on level 3 of the Dungeon)

   Dex:       It affects your dexterity (+6).
   rN:        It protects you from negative energy.
   Stlth:     It makes you more stealthy.
Missiles
 a - 6 silver javelins
 d - 3 throwing nets (quivered)
 h - 51 stones
 B - 20 poisoned darts
Armour
 k - a +1 pair of boots (melded)
 s - a +0 cloak (melded)
 x - a +0 chain mail (worn)
 y - a +0 buckler
 G - a +2 hat (melded)
Jewellery
 t - a +6 ring of dexterity
Talismans
 c - a beast talisman
Wands
 u - a wand of digging (2)
Scrolls
 e - 4 scrolls of fear {unknown}
 f - 4 scrolls of poison
 g - a scroll of enchant weapon
 l - 2 scrolls of vulnerability
 n - a scroll of enchant armour {unknown}
 o - a scroll of blinking {unknown}
 q - 2 scrolls of fog
 w - a scroll of noise {unknown}
 D - a scroll of teleportation {unknown}
Potions
 b - 4 potions of lignification
 i - 2 potions of heal wounds
 m - a potion of brilliance {unknown}
 p - 4 potions of curing {unknown}
 r - 2 potions of might {unknown}
 z - a potion of mutation {unknown}
 A - a potion of berserk rage {unknown}
 E - a potion of resistance {unknown}
 F - a potion of magic {unknown}


   Skills:
 + Level 7.2 Fighting
 - Level 1.5 Dodging
 + Level 7.3 Unarmed Combat
 * Level 7.2 Shapeshifting


You had 8 spell levels left.
You didn't know any spells.
Your spell library contained the following spells:

 Spells                   Type           Power      Damage    Failure   Level
 Freeze                   Ice            0%         1d3       97%         1
 Magic Dart               Conj           0%         1d3       97%         1
 Shock                    Conj/Air       0%         1d3       97%         1
 Call Imp                 Summ           0%         N/A       99%         2
 Sublimation of Blood     Necr           0%         N/A       99%         2
 Wereblood                Tmut           0%         N/A       99%         2
 Frozen Ramparts          Ice            0%         1d1       100%        3
 Hailstorm                Conj/Ice       0%         3d3       100%        3
 Mephitic Cloud           Conj/Pois/Air  0%         N/A       100%        3
 Swiftness                Air            0%         N/A       100%        3
 Airstrike                Air            0%         2d(0-16)  100%        4
 Summon Hydra             Summ           0%         N/A       100%        7


Dungeon Overview and Level Annotations

Branches:
Dungeon (6/15)             Temple (1/1) D:4           Sewer (visited)

Altars:
Ashenzari
Dithmenos
Fedhas
Gozag
Hepliaklqana
Kikubaaqudgha
Makhleb
Ru
Uskayaw
Vehumet
Wu Jian
Xom
Yredelemnul
Zin
The Shining One

Shops:
D:1 [   D:2 =

Annotations:
D:6 Eustachio


Message History

Your Shapeshifting skill increases to level 7!
You sock the centaur! You freeze the centaur.
The centaur is almost dead.
The centaur hits you but does no damage.
The centaur kicks you but does no damage.
The centaur hits you but does no damage.
The centaur barely misses you.
You hit the centaur. You freeze the centaur.
You kill the centaur!
You sock the river rat! You freeze the river rat.
The river rat is severely wounded.
The river rat bites you.
You barely miss the river rat.
The river rat is severely wounded.
The river rat bites you but does no damage.
The river rat bites you.
You feel much better. The river rat bites you.
You sock the river rat! You freeze the river rat.
You kill the river rat!
The river rat's corpse disappears in a puff of smoke!
The two-headed ogre hits you with a +0 giant club!!
The two-headed ogre hits you with a +0 giant spiked club.
* * * LOW HITPOINT WARNING * * *
You feel much better.
You sock the two-headed ogre! You freeze the two-headed ogre.
The two-headed ogre is moderately wounded.
The two-headed ogre hits you with a +0 giant club!
The two-headed ogre hits you with a +0 giant spiked club.
You sock the two-headed ogre! You freeze the two-headed ogre.
The two-headed ogre is heavily wounded.
The rat twitches its whiskers.
The white imp summons a swarm of flies.
The two-headed ogre hits you with a +0 giant club.
* * * LOW HITPOINT WARNING * * *
The two-headed ogre hits you with a +0 giant spiked club.
* * * LOW HITPOINT WARNING * * *
You feel much better.
The two-headed ogre hits you with a +0 giant club!!
* * * LOW HITPOINT WARNING * * *
The two-headed ogre hits you with a +0 giant spiked club!
You die...

#...#...#....#
5...........###
#...#...#....#
.# #...#!#..#..#
#.5.#..r#......#
.....5r5o...##.#
.#####l###.##.#
#O# #.##.#
####.#
#h###.##.#
.....#
#....)...#
######
#####.####
###.#####
###.......###...
.
+...............
..
###.....#.###.##
.## #.#.#.#.# ##
#..†....#


You could see a two-headed ogre, an iguana, a white imp, an orc and 2 rats.

Vanquished Creatures
  A cyclops (D:6)
  Prince Ribbit (D:5)
  Grinder (Sewer)
  A water moccasin (D:6)
  A black bear (D:6)
  3 ogres
  A centaur (D:6)
  A kobold brigand (Sewer)
  Blork the orc (D:6)
  2 scorpions (D:5)
  2 quasits (Sewer)
  4 hounds
  A jelly (D:1)
  Crazy Yiuf (D:2)
  Jessica (D:2)
  An orc wizard (D:4)
  A sleepcap (D:5)
  3 gnolls
  7 adders
  3 river rats (D:4)
  2 shadow imps (Sewer)
  2 white imps
  6 ufetubi
  4 dart slugs
  7 worms
  4 orcs
  8 ball pythons
  11 endoplasms
  10 giant cockroaches
  5 goblins
  8 hobgoblins
  11 jackals (D:1)
  5 quokkas
  7 bats
  6 frilled lizards
  27 kobolds
  A kobold zombie (Sewer)
  5 rats
166 creatures vanquished.

Vanquished Creatures (others)
  A quokka (D:6)
1 creature vanquished.

Grand Total: 167 creatures vanquished

Notes
Turn   | Place    | Note
-------+----------+-------------------------------------------
     0 | D:1      | avis the Hill Orc Shapeshifter began the quest for the Orb.
     0 | D:1      | Reached XP level 1. HP: 16/16 MP: 1/1
     0 | D:1      | Noticed a jelly
     1 | D:1      | Found a runed translucent door.
   120 | D:1      | Reached XP level 2. HP: 23/23 MP: 2/2
   156 | D:1      | Found Doofoic's Antique Armour Shoppe.
   326 | D:1      | Reached XP level 3. HP: 23/29 MP: 3/3
   774 | D:1      | Reached XP level 4. HP: 37/37 MP: 4/4
   877 | D:2      | Noticed Jessica
   888 | D:2      | Killed Jessica
   889 | D:2      | Reached XP level 5. HP: 41/44 MP: 5/5
  1032 | D:2      | Found Xodamac's Jewellery Emporium.
  1551 | D:2      | Found a runed translucent door.
  1552 | D:2      | Noticed Crazy Yiuf
  1560 | D:2      | Killed Crazy Yiuf
  1915 | D:3      | Identified the +3 quarterstaff of Certain Death {freeze,
                  | rN+ Dex+6 Stlth+}
  1923 | D:3      | Found a broken altar of Ashenzari.
  2016 | D:3      | Reached XP level 6. HP: 45/51 MP: 6/6
  2586 | D:4      | Found a glowing drain.
  2594 | Sewer    | Entered a sewer
  2702 | Sewer    | Found a burning altar of Makhleb.
  2742 | Sewer    | Reached skill level 5 in Unarmed Combat
  2742 | Sewer    | Reached XP level 7. HP: 38/59 MP: 7/7
  2824 | Sewer    | Noticed Grinder
  2860 | Sewer    | Paralysed by Grinder for 3 turns
  2867 | Sewer    | Paralysed by Grinder for 4 turns
  2884 | Sewer    | Killed Grinder
  2885 | Sewer    | Reached skill level 5 in Shapeshifting
  3282 | D:4      | Found a staircase to the Ecumenical Temple.
  3291 | Temple   | Entered the Ecumenical Temple
  3558 | D:4      | You fall into a shaft and drop 1 floor!
  3558 | D:5      | Entered Level 5 of the Dungeon
  3902 | Temple   | Reached skill level 5 in Fighting
  4062 | D:5      | Reached XP level 8. HP: 41/68 MP: 8/8
  4426 | D:5      | Noticed Prince Ribbit
  4460 | D:5      | Killed Prince Ribbit
  4782 | D:5      | Found a glowing silver altar of Zin.
  4782 | D:5      | Found an opulent altar of Gozag.
  5099 | D:6      | Noticed Blork the orc
  5104 | D:6      | Killed Blork the orc
  5145 | D:6      | Noticed Eustachio
  5158 | D:6      | Reached XP level 9. HP: 66/78 MP: 9/9
  5160 | D:6      | Noticed a cyclops
  5168 | D:6      | Noticed a two-headed ogre
  5172 | D:6      | Killed a cyclops
  5182 | D:6      | Mangled by a two-headed ogre

Illustrated notes

Levels and vault maps discovered:
D:1:      dpeg_arrival_caged_fury, layout_basic, serial_shops, shop,
          minmay_tetromino_l4
D:2:      layout_rooms, serial_shops, shop, glass_columns_b, uniq_jessica,
          uniq_crazy_yiuf_cottage
D:3:      layout_rooms, nicolae_ashenzari_skybound
D:4:      layout_basic, minmay_temple_entry_antechambers,
          lightli_sewer_entry_pipes, minivault_1
D:5:      layout_rooms, grunt_temple_overflow_gold_and_silver,
          uniq_prince_ribbit1
D:6:      cheibrodos_fzero, layout_loops_corners, elyvilon_altar_4,
          nzn_overflow_gifts_of_might_and_magic, uniq_blork_the_orc,
          uniq_eustachio
Temple:   nicolae_temple_ecumenical_triangle

Skill      XL: |  1  2  3  4  5  6  7  8  9 |
---------------+----------------------------+-----
Shapeshifting  | 3 4 5 6 7 |  7.2
Fighting       | 2 3 4 5 6 7 |  7.2
Unarmed Combat | 4 5 6 7 |  7.3
Dodging        | |  1.5

Action                     |  1- 3 |  4- 6 |  7- 9 || total
---------------------------+-------+-------+-------++-------
  Melee: Unarmed           |    71 |   116 |       ||   187
         Punch             |     2 |     2 |       ||     4
         Quarterstaff      |       |    96 |   147 ||   243
  Throw: Javelin           |     1 |       |       ||     1
         Throwing net      |       |       |     5 ||     5
Ability: Begin Untransform |       |     2 |     1 ||     3
    Use: Scroll            |       |     5 |     1 ||     6
         Potion            |       |       |     4 ||     4
 Armour: Animal skin       |     3 |       |       ||     3
         Scale mail        |     3 |    20 |       ||    23
         Ring mail         |       |    13 |       ||    13
         Chain mail        |       |    75 |    64 ||   139
  Dodge: Dodged            |    26 |   105 |    66 ||   197
   Form: Beast             |       |     2 |     1 ||     3

Table legend: (Time is in decaauts)
 A = Elapsed time spent in this place.
 B = Non-inter-level travel time spent in this place.
 C = Inter-level travel time spent in this place.
 D = Time resting spent in this place.
 E = Time spent auto-exploring this place.
 F = Levels seen in this place.
 G = Mean time per level.
                   A        B        C        D        E       F      G
               +--------+--------+--------+--------+--------+-----+--------+
         Total |   5290 |   4773 |    517 |    984 |   1794 |   8 |  661.2 |
       Dungeon |   4453 |   3936 |    517 |    656 |   1794 |   6 |  742.2 |
        Temple |    240 |    240 |      0 |    183 |      0 |   1 |  240.0 |
         Sewer |    596 |    596 |      0 |    145 |      0 |   1 |  596.0 |
               +--------+--------+--------+--------+--------+-----+--------+

Top non-repeatable levels by time:
     D:4: 1137 daAuts
     D:1: 951 daAuts
     D:2: 918 daAuts
     D:5: 702 daAuts
   Sewer: 596 daAuts
     D:3: 549 daAuts
  Temple: 240 daAuts
     D:6: 194 daAuts
